 Dungeon Crawl Stone Soup version 0.29-a0-830-gcb1280458a (webtiles) character file.

Game seed: 6077773713300730273

186 LynnLen the Sneak (level 5, -2/30 HPs)
             Began as a Vampire Enchanter on July 11, 2022.
             Slain by a bullfrog (5 damage)
             ... in a sewer.
             The game lasted 00:11:18 (4271 turns).

LynnLen the Sneak (Vampire Enchanter)               Turns: 4271, Time: 00:11:18

Health: -2/30      AC:  4    Str:  4 (7)  XL:     5   Next: 38%
Magic:  8/8        EV: 12    Int: 15 (17) God:
Gold:   283        SH:  0    Dex: 16 (17) Spells: 8/8 levels left

rFire   . . .      SeeInvis +   a - +1 dagger (freeze)
rCold   + + .      Faith    .   (no shield)
rNeg    + + +      Spirit   .   d - +0 leather armour
rPois   ∞          Reflect  .   h - +0 helmet
rElec   .          Harm     .   (no cloak)
rCorr   .          Rampage  .   (no gloves)
Will    .....                   (no boots)
Stlth   +++++.....              (no amulet)
HPRegen 0.00/turn               (no ring)
MPRegen 0.11/turn               (no ring)

@: flying (expiring), bloodless, inhibited regen
A: bloodless, fangs 3, see invisible, vampiric 2
a: Bat Form, Revivify


You were in a sewer.
You visited 1 branch of the dungeon, and saw 4 of its levels.
You also visited: Sewer.

You collected 283 gold pieces.

Inventory:

Hand Weapons
 a - a +1 dagger of freezing (weapon)
Armour
 b - a +0 robe
 d - a +0 leather armour (worn)
 h - a +0 helmet (worn)
Potions
 c - 2 potions of invisibility
 e - a potion of cancellation
 g - 2 potions of flight
 i - 2 potions of resistance
 j - a potion of mutation
 m - a potion of brilliance {unknown}
 n - a potion of curing {unknown}


   Skills:
 * Level 1.9 Fighting
 * Level 3.3 Short Blades
 + Level 2.8 Dodging
 + Level 6.8 Stealth
 - Level 2.0 Spellcasting
 - Level 4.4 Hexes


You had 8 spell levels left.
You didn't know any spells.
Your spell library contained the following spells:

 Spells                   Type           Power      Damage    Failure   Level
 Confusing Touch          Hex            14%        N/A       21%         3
 Tukima's Dance           Hex            14%        N/A       21%         3
 Ensorcelled Hibernation  Hex/Ice        16%        N/A       24%         2
 Dazzling Flash           Conj/Hex       16%        N/A       43%         3
 Stone Arrow              Conj/Erth      2%         3d7       75%         3
 Animate Armour           Summ/Erth      2%         N/A       98%         4
 Silence                  Hex/Air        4%         N/A       99%         5
 Agony                    Necr           1%         N/A       100%        5
 Lehudib's Crystal Spear  Conj/Erth      0%         10d2      100%        8


Dungeon Overview and Level Annotations

Branches:
Dungeon (4/15)              Sewer (1/1)
 Temple: D:4-7

Altars:
Wu Jian

Annotations:
D:1 1 exclusion


Innate Abilities, Weirdness & Mutations

You do not regenerate when monsters are visible.
You are frail without blood (-20% HP).
You can heal yourself when you bite living creatures.
You are immune to poison.
You have razor-sharp teeth.
You have supernaturally acute eyesight. (SInv)
You are afflicted with vampirism and can become a bat while bloodless.


Message History

[Y]es or [N]o only, please.
Are you sure you want to stumble around while confused and next to deep water while you are losing your buoyancy? [Y]es or [N]o only, please.
Are you sure you want to stumble around while confused and next to deep water while you are losing your buoyancy? [Y]es or [N]o only, please.
Are you sure you want to stumble around while confused and next to deep water while you are losing your buoyancy?
Okay, then.
Unknown command.
There are monsters nearby!
There are monsters nearby!
There are monsters nearby!
There are monsters nearby!
There are monsters nearby!
Are you sure you want to stumble around while confused and next to deep water while you are losing your buoyancy? [Y]es or [N]o only, please.
Are you sure you want to stumble around while confused and next to deep water while you are losing your buoyancy? [Y]es or [N]o only, please.
Are you sure you want to stumble around while confused and next to deep water while you are losing your buoyancy?
You hit the quokka. You freeze the quokka.
The quokka is severely wounded.
You feel less invigorated.
You feel less confused.
The bullfrog is no longer moving slowly.
The bullfrog closely misses you. The quokka barely misses you.
The bullfrog hits you.
You hit the quokka. You freeze the quokka.
You kill the quokka!
The bullfrog barely misses you. The quokka bites you. The bullfrog hits you.
* * * LOW HITPOINT WARNING * * *
The quokka is engulfed in poison gas.
The quokka is poisoned.
The bullfrog hits you.
* * * LOW HITPOINT WARNING * * *
Okay, then.
You aren't carrying any scrolls.
It was a potion of degeneration.
There was something very wrong with that liquid.
You feel weakened.
You feel dopey.
You feel clumsy.
The giant cockroach bites you but does no damage.
The bullfrog hits you.
You die...

≈≈≈##≈≈≈≈.# #.#
††≈##.≈≈≈.# #######
#.#
.≈≈##.≈≈≈.###§☼§§☼##
#.#
≈≈≈##÷≈≈≈.#§§§§☼§§○##
#.#
.≈.##.≈≈≈§#☼§§§§§§☼§##
#.#
#.###.≈≈≈§○§§§○§§§§§§#
#.# #.#
#.≈≈≈☼☼§☼§§☼§☼§○§# #.#
#.#
#÷≈≈≈§§§§○§§§○☼☼§##
#†# #∩#
#.≈≈≈§☼§§○☼r@F§§§§#
#.# #.#
#.≈≈≈§§○§☼☼rBF§○☼§#
#.# #∩#
#.≈≈≈§§§§§§)B.☼§§§#
#.# #.#
#.≈≈≈○§§○§§○?○§☼§§#
#.# ###
#.≈≈≈§○§§§§☼§☼§☼☼§#
#.#
#.≈≈≈§§§§§☼§○§§§§☼#
#.#
#.≈≈≈☼§§§☼○○§§§§§##
#≈# #.≈≈≈§☼§§☼§§☼§§§§#
#.# #.≈≈≈≈≈≈≈≈≈≈.≈≈≈≈#
#≈#


You could see 2 bullfrogs, 2 quokkas and 2 giant cockroaches.

Vanquished Creatures
  7 adders
  4 river rats (D:4)
  3 worms (D:4)
  2 dart slugs
  7 endoplasms
  6 giant cockroaches
  5 goblins
  5 hobgoblins
  5 quokkas
  7 ball pythons
  6 bats
  13 frilled lizards
  5 kobolds
  10 rats
85 creatures vanquished.

Vanquished Creatures (others)
  A fungus (D:2)
  2 plants (D:2)
3 creatures vanquished.

Grand Total: 88 creatures vanquished

Notes
Turn   | Place    | Note
-------+----------+-------------------------------------------
     0 | D:1      | LynnLen the Vampire Enchanter began the quest for the Orb.
     0 | D:1      | Reached XP level 1. HP: 13/13 MP: 3/3
   289 | D:1      | Reached XP level 2. HP: 5/16 MP: 5/5
   728 | D:1      | Reached skill level 5 in Stealth
  1105 | D:2      | Found a faded altar of an unknown god.
  1119 | D:2      | Reached skill level 1 in Fighting
  1357 | D:2      | Gained mutation: You are afflicted with vampirism and can
                  | become a bat while bloodless. [Vampire growth]
  1357 | D:2      | Reached XP level 3. HP: 7/20 MP: 6/6
  1569 | D:2      | Found an ornate altar of the Wu Jian Council.
  2427 | D:3      | Reached XP level 4. HP: 25/25 MP: 7/7
  2550 | D:3      | Reached skill level 6 in Stealth
  3488 | D:4      | Found a glowing drain.
  3529 | D:4      | Reached XP level 5. HP: 13/30 MP: 8/8
  3533 | Sewer    | Entered a sewer
  4271 | Sewer    | Slain by a bullfrog

Illustrated notes

Levels and vault maps discovered:
D:1:      giann_horns, layout_rooms
D:2:      layout_basic, basic_altar, shapermc_ecumenical_altar_mp_urbaneastern,
          grunt_ministairs_2
D:3:      layout_basic
D:4:      layout_loops_ring, lightli_sewer_entry_pipes, serial_shops,
          shop_fountains, hangedman_decor_push, minmay_misc_feat_pillars,
          uniq_ijyb
Sewer:    sewer_frog_island_01

Skill      XL: |  1  2  3  4 |
---------------+-------------+-----
Stealth        | 5 6 |  6.8
Fighting       | 1 |  1.9
Short Blades   | 2 3 |  3.3
Dodging        | |  2.8
Spellcasting   | |  2.0
Hexes          | |  4.4

Action                   |  1- 3 |  4- 6 || total
-------------------------+-------+-------++-------
Melee: Dagger            |    86 |   195 ||   281
       Bite              |     9 |    16 ||    25
       Punch             |       |     3 ||     3
 Abil: Exsanguinate      |     1 |       ||     1
  Use: Potion            |     1 |     4 ||     5
       Scroll            |     9 |     3 ||    12
 Stab: Sleeping          |    19 |     9 ||    28
       Invisible         |     1 |       ||     1
       Distracted        |       |     1 ||     1
Armor: Robe              |     5 |       ||     5
       Leather armour    |     5 |    75 ||    80
Dodge: Dodged            |    26 |   148 ||   174

Table legend: (Time is in decaauts)
 A = Elapsed time spent in this place.
 B = Non-inter-level travel time spent in this place.
 C = Inter-level travel time spent in this place.
 D = Time resting spent in this place.
 E = Time spent auto-exploring this place.
 F = Levels seen in this place.
 G = Mean time per level.
                   A        B        C        D        E       F      G
               +--------+--------+--------+--------+--------+-----+--------+
         Total |   4300 |   4283 |     17 |    663 |   2405 |   5 |  860.0 |
       Dungeon |   3543 |   3526 |     17 |    195 |   2340 |   4 |  885.8 |
         Sewer |    757 |    757 |      0 |    468 |     65 |   1 |  757.0 |
               +--------+--------+--------+--------+--------+-----+--------+

Top non-repeatable levels by time:
     D:2: 1468 daAuts
     D:3: 785 daAuts
     D:1: 766 daAuts
   Sewer: 757 daAuts
     D:4: 522 daAuts
